 Dungeon Crawl Stone Soup version 0.30-a0-51-g784eafce7f (webtiles) character file.

Game seed: 907678318565996098

65 Newt the Trooper (level 3, 0/29 HPs)
             Began as a Demonspawn Gladiator on Sept 5, 2022.
             Succumbed to an adder's poison
             ... on level 3 of the Dungeon.
             The game lasted 00:01:38 (1517 turns).

Newt the Trooper (Demonspawn Gladiator)             Turns: 1517, Time: 00:01:39

Health: 0/29       AC:  4    Str: 16    XL:     3   Next: 94%
Magic:  3/3        EV: 12    Int:  9    God:
Gold:   149        SH:  0    Dex: 14    Spells: 2/2 levels left

rFire   . . .      SeeInvis .    l - +1 broad axe (venom)
rCold   . . .      Faith    .    (no shield)
rNeg    . . .      Spirit   .    b - +0 leather armour
rPois   .          Reflect  .    c - +0 helmet
rElec   .          Harm     .    (no cloak)
rCorr   .          Rampage  .    (no gloves)
Will    .....                    (no boots)
Stlth   ++........               (no amulet)
HPRegen 0.09/turn                (no ring)
MPRegen 0.08/turn                (no ring)

@: lethally poisoned (0 -> -9), hasted, very quick
A: ignite blood 1
a: no special abilities


You were on level 3 of the Dungeon.
You visited 1 branch of the dungeon, and saw 3 of its levels.

You collected 149 gold pieces.

Inventory:

Hand Weapons
 a - a +0 rapier
 l - a +1 broad axe of venom (weapon)
Missiles
 d - a throwing net (quivered)
 e - a javelin
 i - 6 poisoned darts
Armour
 b - a +0 leather armour (worn)
 c - a +0 helmet (worn)
 m - a +0 buckler
Scrolls
 g - a scroll of immolation
 j - a scroll of brand weapon
 k - a scroll of teleportation {unknown}
Potions
 h - 2 potions of cancellation {unknown}


   Skills:
 + Level 3.6 Fighting
 - Level 2.6 Short Blades
 - Level 1.7 Throwing
 - Level 2.6 Dodging
 - Level 2.0 Stealth


You had 2 spell levels left.
You didn't know any spells.
Your spell library was empty.

Dungeon Overview and Level Annotations

Branches:
Dungeon (2/15)

Altars:

Annotations:
D:3 1 runed translucent door


Innate Abilities, Weirdness & Mutations

Your demonic aura sometimes causes spilled blood to erupt in flames.


Message History

You are too injured to fight recklessly!
You are too injured to fight recklessly!
You are too injured to fight recklessly!
You are too injured to fight recklessly!
You are too injured to fight recklessly!
You are too injured to fight recklessly!
You are too injured to fight recklessly!
You are too injured to fight recklessly!
You are too injured to fight recklessly!
You are too injured to fight recklessly!
You are too injured to fight recklessly!
You are too injured to fight recklessly!
You are too injured to fight recklessly!
You are too injured to fight recklessly!
You are too injured to fight recklessly!
You are too injured to fight recklessly!
Unknown command.
You closely miss the adder.
You feel very sick. The adder closely misses you. The adder bites you.
You closely miss the adder.
You feel sick. The adder barely misses you. The adder bites you.
* * * LOW HITPOINT WARNING * * *
Throw: 3 throwing nets
Press: ? - help, Q - select action, (/) - cycle Shift-Dir - straight line, f - adder
Aim: an adder (40% to hit)
You throw a throwing net.
The throwing net barely misses the adder.
The adder barely misses you.
Throw: 2 throwing nets
Press: ? - help, Q - select action, (/) - cycle Shift-Dir - straight line, f/p - adder
Aim: an adder (40% to hit)
You throw a throwing net.
The throwing net closely misses the adder.
You feel sick. The adder bites you.
* * * LOW HITPOINT WARNING * * *
You are more poisoned.
The adder poisons you! The adder closely misses you.
It was a potion of haste.
You feel yourself speed up.
You die...

#.... #...#
#...###
####.....#######
#.(..............
#.............#+#
.##...S.........#F
.......@..$.....#
###.............#
#)............#
#...............#
...#............#
..
#......#.....#####
.
#...#####........#
# #... #........#
.#. ##..#
#........#


You could see an adder.

Vanquished Creatures
  4 adders
  A dart slug (D:2)
  2 endoplasms (D:1)
  A giant cockroach (D:2)
  2 hobgoblins (D:2)
  5 jackals
  3 kobolds
  A ball python (D:2)
  2 bats (D:1)
  3 goblins
  3 rats
27 creatures vanquished.

Notes
Turn   | Place    | Note
-------+----------+-------------------------------------------
     0 | D:1      | Newt the Demonspawn Gladiator began the quest for the Orb.
     0 | D:1      | Reached XP level 1. HP: 16/16 MP: 1/1
   241 | D:1      | Reached skill level 1 in Stealth
   337 | D:1      | Gained mutation: Your demonic aura sometimes causes spilled
                  | blood to erupt in flames. [demonic ancestry]
   337 | D:1      | Reached XP level 2. HP: 13/22 MP: 2/2
   979 | D:2      | Reached XP level 3. HP: 25/28 MP: 3/3
  1046 | D:2      | Reached skill level 3 in Fighting
  1108 | D:2      | You fall into a shaft and drop 1 floor!
  1504 | D:3      | Found a runed translucent door.
  1505 | D:3      | Noticed a bullfrog
  1517 | D:3      | Succumbed to an adder's poison

Illustrated notes

Levels and vault maps discovered:
D:1:      minmay_arrival_wavy_path, layout_rooms, feat_on_display
D:2:      layout_loops_ring
D:3:      layout_rooms, ebering_ghost_sewer_d

Skill      XL: |  1  2  3 |
---------------+----------+-----
Stealth        | 1 2 |  2.0
Fighting       | 3 |  3.6
Short Blades   | |  2.6
Throwing       | |  1.7
Dodging        | |  2.6

Action                   || total
-------------------------++-------
Melee: Rapier            ||    55
       Broad axe         ||    30
Throw: Throwing net      ||     2
  Use: Scroll            ||     7
       Potion            ||     1
 Stab: Sleeping          ||     1
Armor: Leather armour    ||    31
Dodge: Dodged            ||    71

Table legend: (Time is in decaauts)
 A = Elapsed time spent in this place.
 B = Non-inter-level travel time spent in this place.
 C = Inter-level travel time spent in this place.
 D = Time resting spent in this place.
 E = Time spent auto-exploring this place.
 F = Levels seen in this place.
 G = Mean time per level.
                   A        B        C        D        E       F      G
               +--------+--------+--------+--------+--------+-----+--------+
         Total |   1538 |   1515 |     23 |    225 |   1036 |   3 |  512.7 |
       Dungeon |   1538 |   1515 |     23 |    225 |   1036 |   3 |  512.7 |
               +--------+--------+--------+--------+--------+-----+--------+

Top non-repeatable levels by time:
     D:1: 744 daAuts
     D:3: 422 daAuts
     D:2: 371 daAuts
